 Dungeon Crawl Stone Soup version 0.30.1-11-g7821555f0a (webtiles) character file.

Game seed: 16998538771180872653

23 Peloso the Shield-Bearer (level 2, 27/27 HPs)
             Began as a Minotaur Fighter on Nov 15, 2023.
             Got out of the dungeon alive.
             The game lasted 00:01:11 (479 turns).

Peloso the Shield-Bearer (Minotaur Fighter)          Turns: 479, Time: 00:01:12

Health: 27/27      AC:  9    Str: 20    XL:     2   Next: 72%
Magic:  1/1        EV:  7    Int:  5    God:
Gold:   20         SH:  4    Dex:  9    Spells: 1/1 levels left

rFire   . . .        a - +0 long sword
rCold   . . .        d - +0 buckler
rNeg    . . .        c - +0 chain mail
rPois   .            (helmet unavailable)
rElec   .            (no cloak)
rCorr   .            (no gloves)
SInv    +            (no boots)
Will    .....        (no amulet) Stlth
                     (no ring)
HPRegen 0.24/turn    (no ring)
MPRegen 0.07/turn

%: no passive effects
@: no status effects
A: horns 3, retaliatory headbutt, see invisible
a: no special abilities


You escaped.
You visited 1 branch of the dungeon, and saw 1 of its levels.

You collected 20 gold pieces.

Inventory:

Hand Weapons
 a - a +0 long sword (weapon)
Armour
 b - a +0 scale mail
 c - a +0 chain mail (worn)
 d - a +0 buckler (worn)
Scrolls
 g - a scroll of fear {unknown}
Potions
 h - a potion of might


   Skills:
 + Level 4.1 Fighting
 + Level 2.6 Long Blades
 + Level 3.9 Armour
 + Level 4.1 Shields


You had one spell level left.
You didn't know any spells.
Your spell library was empty.

Dungeon Overview and Level Annotations

Branches:
Dungeon (1/15)

Altars:


Innate Abilities, Weirdness & Mutations

You have a pair of large horns on your head.
You reflexively headbutt those who attack you in melee.
You have supernaturally acute eyesight. (SInv)


Message History

The dart slug launches a dart at you. The slug dart misses you.
You hit the dart slug.
The dart slug is severely wounded.
The dart slug completely misses you. You furiously retaliate!
You headbutt the dart slug!
You kill the dart slug!
You see here a dart slug corpse.
You now have 20 gold pieces (gained 7).
Found a ring mail.
You drop a potion of might.
You start removing your armour.
You continue taking off your +0 buckler. x4
You finish taking off your +0 buckler.
You drop a +0 buckler.
You see here a +0 chain mail.
c - a +0 chain mail You see here a +0 buckler.
d - a +0 buckler You see here a potion of might.
h - a potion of might You start putting on your armour.
You continue putting on your +0 buckler. x4
You finish putting on your +0 buckler.
You start removing your armour.
You continue taking off your +0 scale mail. x4
You finish taking off your +0 scale mail.
You start putting on your armour.
You continue putting on your +0 chain mail. x5
You finish putting on your +0 chain mail.
It was a potion of cancellation.
You feel magically purged.
It was a potion of mutation.
You feel extremely strange.
Your vision sharpens.
The horns on your head grow some more.
(D) Dungeon
Where to? (? - help)
What level of the Dungeon? (default 1, ? - help)
There is a stone staircase leading down here.
You see here 3 stones.
There is a staircase leading out of the dungeon here.
Are you sure you want to leave the Dungeon?
This will make you lose the game!
You have escaped!

.....#.#...#.#####.#..........#.#
.......#.|.#.)BS........###.#.#)#
....##.#.......#.#.####...#.#.#.#
....##.#.#####.#....# ##..#.#.#.#
.....####.####.....####.#.#...#.#
.....#####[..#######...##........
........####...###...####.....#.#
........# ##.......## #.###.#.#
........# ###(@.### #.# #....
........# ##.......## ##.#####.#
##......####...###...###........#
#......##...#######...###..##...
#......#.####....#####.##..##.##
#.......##......#######.#..##.#
#.............................#
###+#.#.#.........#############
#.#>#..#.#....# #########


There were no monsters in sight!

Vanquished Creatures
  A dart slug (D:1)
  2 endoplasms (D:1)
  A giant cockroach (D:1)
  3 goblins (D:1)
  3 hobgoblins (D:1)
  2 jackals (D:1)
  2 ball pythons (D:1)
  2 bats (D:1)
  A frilled lizard (D:1)
  A rat (D:1)
18 creatures vanquished.

Notes
Turn   | Place    | Note
-------+----------+-------------------------------------------
     0 | D:1      | Peloso the Minotaur Fighter began the quest for the Orb.
     0 | D:1      | Reached XP level 1. HP: 19/19 MP: 0/0
   145 | D:1      | Reached XP level 2. HP: 15/27 MP: 1/1
   455 | D:1      | Gained mutation: You have supernaturally acute eyesight.
                  | (SInv) [potion of mutation]
   455 | D:1      | Gained mutation: You have a pair of large horns on your
                  | head. [potion of mutation]
   479 | D:$      | Got out of the dungeon alive.

Illustrated notes

Levels and vault maps discovered:
D:1:      dpeg_arrival_simpleton_a, layout_basic

Skill      XL: |  1  2 |
---------------+-------+-----
Shields        | 4 |  4.1
Fighting       | 4 |  4.1
Long Blades    | |  2.6
Armour         | |  3.9

Action                     || total
---------------------------++-------
  Melee: Long sword        ||    40
         Headbutt          ||     2
    Use: Potion            ||     2
 Armour: Scale mail        ||    31
  Dodge: Dodged            ||    26
  Block: Buckler           ||    12
